 Dungeon Crawl Stone Soup version 0.30-a0-591-g3c58d2bc28 (webtiles) character file.

Game seed: 9802560130472798075

766 Pooter the Chopper (level 7, 0/62 HPs)
             Began as a Minotaur Berserker on Jan 5, 2023.
             Was a Believer of Trog.
             Slain by a gnoll
             ... wielding a +0 spear
              (5 damage)
             ... on level 5 of the Dungeon.
             The game lasted 00:20:47 (3113 turns).

Pooter the Chopper (Minotaur Berserker)             Turns: 3113, Time: 00:20:48

Health: 0/62       AC:  9    Str: 23      XL:     7   Next: 52%
Magic:  6/6        EV:  8    Int:  4      God:    Trog [**....]
Gold:   39         SH:  0    Dex:  6 (10) Spells: 6/6 levels left

rFire   . . .      SeeInvis .    a - +0 flail (elec)
rCold   . . .      Faith    .    (no shield)
rNeg    . . .      Spirit   .    p - +0 chain mail
rPois   .          Reflect  .    (helmet restricted)
rElec   .          Harm     .    (no cloak)
rCorr   +          Rampage  .    (no gloves)
Will    .....                    r - +0 pair of boots Stlth
                                 (no amulet)
HPRegen 0.30/turn                C - ring of resist corrosion
MPRegen 0.10/turn                (no ring)

@: on berserk cooldown, slowed, very slow
A: horns 2, retaliatory headbutt
a: Renounce Religion, Berserk, Trog's Hand


You were on level 5 of the Dungeon.
You worshipped Trog.
Trog was pleased with you.
You visited 1 branch of the dungeon, and saw 5 of its levels.

You collected 209 gold pieces.
You spent 170 gold pieces at shops.

Inventory:

Hand Weapons
 a - a +0 flail of electrocution (weapon)
   (You took it off an orc on level 3 of the Dungeon)
 b - a +0 sling
   (You found it on level 1 of the Dungeon)
 j - a +0 hand axe
Missiles
 c - 3 poisoned darts
 k - 3 boomerangs
 Q - 22 stones (quivered)
Armour
 p - a +0 chain mail (worn)
   (You took it off an orc on level 3 of the Dungeon)
 r - a +0 pair of boots (worn)
   (You found it on level 3 of the Dungeon)
Jewellery
 C - a ring of resist corrosion (left hand)
   (You found it on level 1 of the Dungeon)
Scrolls
 d - 2 scrolls of brand weapon
 e - a scroll of blinking
 f - a scroll of magic mapping
 l - a scroll of silence {unknown}
 n - a scroll of enchant armour
 o - a scroll of poison {!r}
 s - a scroll of fear {unknown}
 t - a scroll of teleportation {@r4}
Potions
 g - a potion of mutation {unknown}
 h - a potion of curing {@q1}
 i - 2 potions of ambrosia {unknown}
 m - a potion of cancellation {unknown}
 q - a potion of heal wounds {unknown}
 u - a potion of brilliance {unknown}
 v - a potion of lignification {unknown}


   Skills:
 + Level 5.9 Fighting
 * Level 7.5 Axes
 * Level 5.3 Ranged Weapons
 - Level 2.4 Armour
 - Level 2.1 Dodging


You had 6 spell levels left.
You didn't know any spells.
Your spell library was empty.

Dungeon Overview and Level Annotations

Branches:
Dungeon (4/15)
 Temple: D:4-7

Altars:
Cheibriados

Shops:
D:2 ?


Innate Abilities, Weirdness & Mutations

You have a pair of horns on your head.
You reflexively headbutt those who attack you in melee.


Message History

You feel clumsy.
The quasit bites you but does no damage.
The quasit claws you but does no damage. x2
The gnoll hits you with a +0 spear.
* * * LOW HITPOINT WARNING * * *
The gnoll hits you with a +0 spear!
* * * LOW HITPOINT WARNING * * *
Items here: ) ? [ ††.
The phantom attacks as you move away! The phantom barely misses you.
You furiously retaliate!
You headbutt the phantom! The gnoll hits you but does no damage.
The gnoll barely misses you. The quasit bites you.
* * * LOW HITPOINT WARNING * * *
You feel clumsy. The quasit claws you.
* * * LOW HITPOINT WARNING * * *
You feel clumsy.
The quasit claws you but does no damage.
The gnoll hits you with a +0 spear.
* * * LOW HITPOINT WARNING * * *
The gnoll hits you but does no damage. The gnoll attacks as you move away!
The gnoll hits you but does no damage.
Found a scroll of identify.
The gnoll hits you from afar with a +0 spear.
* * * LOW HITPOINT WARNING * * *
The quasit barely misses you. The quasit claws you.
* * * LOW HITPOINT WARNING * * *
The quasit closely misses you.
The quasit bites you but does no damage.
The quasit barely misses you. x2
The quasit attacks as you move away!
The quasit bites you but does no damage.
The quasit claws you.
* * * LOW HITPOINT WARNING * * *
The quasit closely misses you.
A shadow imp comes into view.
The shadow imp shouts, "Decamp, thou artless weeb-spouting frater!"
The quasit bites you but does no damage.
The quasit claws you but does no damage. x2
The shadow imp moves out of view.
There is a stone staircase leading up here.
The quasit bites you but does no damage.
The quasit closely misses you. The quasit barely misses you.
The gnoll hits you but does no damage.
The quasit bites you but does no damage.
The quasit claws you but does no damage.
The quasit misses you.
An adder comes into view.
The gnoll hits you from afar with a +0 spear.
You die...

..# ##........#
#Y# .... ...#
.#######.## #..#
..........♣# #..#
.######....# #..#
Y# #....# #.?# .#
#.P))###..# #Y
##...gWg5.#
##.#####@# #.#
#..S...... #.#
#.....#### #!#
#.#.5.#
####.####.##.##
####............#
...........>.##.#
####.#...#####
.### #..#.#.##
...


You could see a phantom, a quasit, 2 gnolls, an adder (wandering) and a shadow
imp.

Vanquished Creatures
  2 yaks (D:5)
  An ogre (D:5)
  A quasit (D:5)
  An orc priest (D:4)
  A jelly (D:5)
  4 orc wizards
  A scorpion zombie (D:3)
  Robin (D:2)
  4 adders
  A gnoll (D:5)
  A white imp (D:5)
  2 ufetubi (D:5)
  2 adder skeletons (D:3)
  2 dart slugs
  4 worms (D:3)
  10 orcs
  6 ball pythons
  7 bats
  4 endoplasms
  A giant cockroach (D:1)
  13 goblins
  10 hobgoblins
  7 jackals
  3 kobolds
  A ball python zombie (D:3)
  5 frilled lizards
  A jackal skeleton (D:3)
  5 rats
101 creatures vanquished.

Vanquished Creatures (others)
  6 demonic plants
6 creatures vanquished.

Grand Total: 107 creatures vanquished

Notes
Turn   | Place    | Note
-------+----------+-------------------------------------------
     0 | D:1      | Pooter the Minotaur Berserker began the quest for the Orb.
     0 | D:1      | Reached XP level 1. HP: 19/19 MP: 0/0
    38 | D:1      | Reached skill level 4 in Axes
   149 | D:1      | Reached XP level 2. HP: 27/27 MP: 1/1
   761 | D:1      | Reached XP level 3. HP: 33/33 MP: 2/2
   882 | D:1      | Found a faded altar of an unknown god.
   882 | D:1      | Noticed an orange demon
  1103 | D:2      | Reached skill level 1 in Ranged Weapons
  1187 | D:2      | Reached ** piety under Trog
  1247 | D:2      | Noticed Robin
  1256 | D:2      | Killed Robin
  1257 | D:2      | Reached skill level 5 in Axes
  1257 | D:2      | Reached XP level 4. HP: 12/41 MP: 3/3
  1530 | D:2      | Found Gopouh's Magic Scroll Boutique.
  1539 | D:2      | Bought a scroll of identify for 22 gold pieces
  1539 | D:2      | Bought a scroll of identify for 22 gold pieces
  1539 | D:2      | Bought a scroll of poison for 44 gold pieces
  1811 | D:3      | Reached XP level 5. HP: 33/47 MP: 4/4
  2253 | D:2      | Bought a scroll of blinking for 82 gold pieces
  2393 | D:3      | Found a snail-covered altar of Cheibriados.
  2659 | D:4      | Reached skill level 6 in Axes
  2679 | D:4      | Reached skill level 5 in Fighting
  2768 | D:4      | Reached XP level 6. HP: 56/56 MP: 5/5
  2819 | D:4      | You fall into a shaft and drop 1 floor!
  2819 | D:5      | Entered Level 5 of the Dungeon
  2931 | D:5      | Noticed a yak
  2931 | D:5      | Noticed a yak
  2931 | D:5      | Noticed a yak
  2931 | D:5      | Noticed a yak
  2931 | D:5      | Noticed a yak
  2965 | D:5      | Killed a yak
  2966 | D:5      | Reached skill level 7 in Axes
  2966 | D:5      | Reached XP level 7. HP: 59/61 MP: 6/6
  3100 | D:5      | Killed a yak
  3101 | D:5      | Reached skill level 5 in Ranged Weapons
  3113 | D:5      | Slain by a gnoll

Illustrated notes

Levels and vault maps discovered:
D:1:      sevenhm_arrival_forest_fort_small_3, layout_basic,
          dreamdust_ecumenical_altar_sealed_demon, grunt_decor_mini_mirrors
D:2:      cheibrodos_helix_gallery, layout_loops_cross, serial_shops,
          nicolae_shop_temple_entry_statues_fountains, uniq_robin
D:3:      layout_rooms, chei_slow_surprise, serial_undead, serial_undead_b,
          serial_undead_a, serial_undead_a, serial_undead_e, serial_undead_d,
          serial_undead_e, serial_undead_b, serial_undead_e
D:4:      layout_rooms, kennysheep_generic_room_8
D:5:      layout_loops_ring, serial_shops, nicolae_shop_waterfront,
          serial_demonic, serial_demonic_d, serial_demonic_b, serial_demonic_e,
          serial_demonic_b, serial_demonic_e, serial_demonic_f,
          minmay_fire_ice_demons

Skill      XL: |  1  2  3  4  5  6  7 |
---------------+----------------------+-----
Axes           | 4 5 6 7 |  7.5
Fighting       | 4 5 |  5.9
Ranged Weapons | 1 2 3 4 5 |  5.3
Armour         | |  2.4
Dodging        | |  2.1

Action                   |  1- 3 |  4- 6 |  7- 9 || total
-------------------------+-------+-------+-------++-------
Melee: Hand axe          |    62 |    59 |       ||   121
       Headbutt          |     7 |    29 |     1 ||    37
       Flail             |       |    76 |     4 ||    80
 Fire: Sling             |    24 |    44 |     1 ||    69
Throw: Boomerang         |       |     4 |       ||     4
Invok: Berserk           |     3 |     3 |     1 ||     7
       Trog's Hand       |     1 |    10 |       ||    11
  Use: Scroll            |     2 |     6 |       ||     8
       Potion            |       |     3 |       ||     3
 Stab: Sleeping          |       |     1 |       ||     1
Armor: Animal skin       |    21 |     6 |       ||    27
       Chain mail        |       |    51 |    86 ||   137
Dodge: Dodged            |    54 |    73 |    42 ||   169

Table legend: (Time is in decaauts)
 A = Elapsed time spent in this place.
 B = Non-inter-level travel time spent in this place.
 C = Inter-level travel time spent in this place.
 D = Time resting spent in this place.
 E = Time spent auto-exploring this place.
 F = Levels seen in this place.
 G = Mean time per level.
                   A        B        C        D        E       F      G
               +--------+--------+--------+--------+--------+-----+--------+
         Total |   3224 |   3080 |    144 |    382 |   1823 |   5 |  644.8 |
       Dungeon |   3224 |   3080 |    144 |    382 |   1823 |   5 |  644.8 |
               +--------+--------+--------+--------+--------+-----+--------+

Top non-repeatable levels by time:
     D:1: 990 daAuts
     D:2: 861 daAuts
     D:3: 785 daAuts
     D:5: 320 daAuts
     D:4: 266 daAuts
